 Dungeon Crawl Stone Soup version 0.28.0-49-g6dfe1f597d (webtiles) character file.

Game seed: 8022613856656570668

130 Descartes the Grasshopper (level 5, -5/35 HPs)
             Began as a Formicid Warper on May 15, 2022.
             Slain by an ogre
             ... wielding a +0 giant club
              (13 damage)
             ... on level 5 of the Dungeon.
             The game lasted 00:03:59 (3733 turns).

Descartes the Grasshopper (Formicid Warper)         Turns: 3733, Time: 00:04:00

Health: -5/35      AC: 12    Str: 23    XL:     5   Next: 36%
Magic:  8/8        EV:  6    Int: 13    God:
Gold:   127        SH:  0    Dex: 10    Spells: 9/9 levels left

rFire   . . .      SeeInvis +   a - +0 hand axe
rCold   . . .      Faith    .   (no shield)
rNeg    . . .      Spirit   .   e - +0 plate armour
rPois   .          Reflect  .   (helmet unavailable)
rElec   .          Harm     .   (no cloak)
rCorr   .          Rampage  .   (no gloves)
Will    .....                   (no boots)
Stlth   ..........              (no amulet)
HPRegen 0.11/turn               m - +6 ring of strength
MPRegen 0.11/turn               (no ring)

@: no status effects
A: permanent stasis, dig shafts and tunnels, antennae 3, four strong arms,
iridescent scales 1, frail 1, low MP 1
a: Dig, Shaft Self


You were on level 5 of the Dungeon.
You visited 1 branch of the dungeon, and saw 6 of its levels.

You collected 127 gold pieces.

Inventory:

Hand Weapons
 a - a +0 hand axe (weapon)
 b - a +1 short sword of draining
 q - a +0 dagger of venom
Missiles
 c - 5 boomerangs of dispersal (quivered)
 d - 76 stones
 g - 3 javelins
 l - 5 poisoned darts
Armour
 e - a +0 plate armour (worn)
Jewellery
 m - a +6 ring of strength (left hand)
Wands
 r - a wand of flame (19)
Scrolls
 j - a scroll of silence {unknown}
 k - 3 scrolls of identify {unknown}
 n - a scroll of holy word {unknown}
 o - a scroll of teleportation {unknown}
 p - a scroll of noise {unknown}
Potions
 f - a potion of flight


   Skills:
 + Level 2.7 Fighting
 + Level 2.8 Axes
 + Level 1.8 Throwing
 + Level 1.9 Armour
 - Level 1.7 Dodging
 + Level 1.5 Shields
 + Level 2.6 Spellcasting
 + Level 3.1 Translocations
 + Level 1.3 Evocations


You had 9 spell levels left.
You didn't know any spells.
Your spell library contained the following spells:

 Spells                   Type           Power      Damage    Failure   Level
 Gell's Gravitas          Tloc           9%         N/A       99%         3
 Lesser Beckoning         Tloc           9%         N/A       99%         3
 Teleport Other           Tloc           9%         N/A       99%         3
 Static Discharge         Conj/Air       1%         N/A       100%        2
 Ignite Poison            Fire/Tmut/Pois 1%         N/A       100%        3
 Inner Flame              Hex/Fire       1%         N/A       100%        3
 Mephitic Cloud           Conj/Pois/Air  1%         N/A       100%        3
 Cause Fear               Hex            0%         N/A       100%        4
 Freezing Cloud           Conj/Ice/Air   0%         6-21      100%        5
 Lightning Bolt           Conj/Air       0%         1d11      100%        5
 Manifold Assault         Tloc           9%         N/A       100%        5
 Discord                  Hex            0%         N/A       100%        8
 Maxwell's Capacitive Co  Air            0%         ∞         100%        8
 Blink                    Tloc           Unusable   N/A       N/A         2

Dungeon Overview and Level Annotations

Branches:
Dungeon (6/15)
 Temple: D:4-7

Altars:

Annotations:
D:3 Grinder


Innate Abilities, Weirdness & Mutations

You cannot be hasted, slowed, berserked, paralysed or teleported.
You can dig through walls and to a lower floor.
You have a pair of large antennae on your head. (SInv)
Your four strong arms can wield two-handed weapons with a shield.
You are partially covered in iridescent scales. (AC +2)
You are frail. (-10% HP)
Your magical capacity is low. (-10% MP)


Message History

You barely miss the ogre.
The ogre is lightly wounded.
The ogre barely misses you.
The ufetubus hits you but does no damage.
The ufetubus completely misses you.
You slash the ogre!
The ogre is heavily wounded.
You closely miss the ufetubus.
The ufetubus hits you but does no damage. x2
The ogre hits you with a +0 giant club!
* * * LOW HITPOINT WARNING * * *
The ufetubus barely misses you. x2
The ufetubus hits you but does no damage.
The ufetubus barely misses you.
The ufetubus hits you but does no damage.
The ufetubus hits you.
* * * LOW HITPOINT WARNING * * *
As you open the door, it creaks loudly!
The ufetubus hits you but does no damage. x2
The ogre barely misses you.
The ufetubus hits you but does no damage. x2
There is an open door here.
You barely miss the ufetubus.
The ufetubus hits you but does no damage. x4
You hit the ufetubus.
The ufetubus is lightly wounded.
The ufetubus barely misses you.
The ufetubus hits you but does no damage. x3
You closely miss the ufetubus.
The ufetubus is lightly wounded.
The ufetubus closely misses you. The ufetubus barely misses you.
You hit the ufetubus.
You kill the ufetubus!
You hit the ogre but do no damage.
The ogre is moderately wounded.
The ogre hits you but does no damage.
You slash the ogre!
The ogre is heavily wounded.
The ogre hits you with a +0 giant club!
You die...

#......# ###....#.# #
#........# ##+##.##
#........# ##...#..
#........# ##.....##
#.#...#..# ##.......##
######.#......####.........#
........>.......@O.........+
#.####.##.#...####.........#
#.##.##..# ##.......##
#.##.###.# ##.....##
##.......# ##...## ###.#####
##'## #.####### #.#
##......# #.# #.####.# ##.##


You could see an ogre.

Vanquished Creatures
  Ijyb (D:3)
  A hound zombie (D:5)
  A gnoll (D:1)
  3 adders
  A shadow imp (D:6)
  An ufetubus (D:5)
  A worm (D:2)
  An orc (D:3)
  An endoplasm (D:1)
  A giant cockroach (D:2)
  3 goblins
  7 hobgoblins
  6 jackals
  2 quokkas
  2 ball pythons (D:2)
  A bat (D:1)
  A frilled lizard (D:3)
  3 kobolds
  3 rats
40 creatures vanquished.

Notes
Turn   | Place    | Note
-------+----------+-------------------------------------------
     0 | D:1      | Descartes the Formicid Warper began the quest for the Orb.
     0 | D:1      | Reached XP level 1. HP: 16/16 MP: 3/3
   487 | D:1      | Reached XP level 2. HP: 2/22 MP: 5/5
  1374 | D:1      | Found a faded altar of an unknown god.
  1404 | D:1      | Reached skill level 1 in Shields
  1404 | D:1      | Reached XP level 3. HP: 20/28 MP: 6/6
  1982 | D:2      | Reached XP level 4. HP: 33/34 MP: 7/7
  2667 | D:3      | Reached skill level 1 in Evocations
  3193 | D:3      | Noticed Ijyb
  3208 | D:3      | Killed Ijyb
  3209 | D:3      | Reached skill level 3 in Translocations
  3209 | D:3      | Reached XP level 5. HP: 26/39 MP: 8/8
  3316 | D:3      | Noticed Grinder
  3324 | D:3      | Gained mutation: You are frail. (-10% HP) [potion of
                  | mutation]
  3324 | D:3      | Gained mutation: You are partially covered in iridescent
                  | scales. (AC +2) [potion of mutation]
  3324 | D:3      | Gained mutation: Your magical capacity is low. (-10% MP)
                  | [potion of mutation]
  3369 | D:4      | You are sucked into a shaft and drop 2 floors!
  3655 | D:5      | Entered Level 5 of the Dungeon
  3711 | D:5      | Noticed an ogre
  3733 | D:5      | Slain by an ogre

Illustrated notes

Levels and vault maps discovered:
D:1:      dpeg_arrival_tiny_c, layout_basic,
          dreamdust_ecumenical_altar_angels_and_demons
D:2:      layout_basic, roderic_serpentine_path
D:3:      layout_loops_ring, uniq_ijyb, uniq_sigmund, uniq_grinder
D:4:      layout_rooms, minmay_temple_entry_antechambers,
          chequers_serial_rivers_micro_e, uniq_edmund
D:5:      layout_loops_corners, amcnicky_altar_gilded, hangedman_glass_teeth
D:6:      layout_basic, serial_shops, shop, shop, nicolae_stop_n_shop_2, shop,
          minmay_misc_feat_nine_boxes, nicolae_good_shop

Skill      XL: |  1  2  3  4 |
---------------+-------------+-----
Shields        | 1 |  1.5
Evocations     | 1 |  1.3
Translocations | 3 |  3.1
Fighting       | |  2.7
Axes           | |  2.8
Throwing       | |  1.8
Armour         | |  1.9
Dodging        | |  1.7
Spellcasting   | |  2.6

Action                   |  1- 3 |  4- 6 || total
-------------------------+-------+-------++-------
Melee: Hand axe          |   106 |    93 ||   199
       Punch             |     1 |     1 ||     2
  Use: Potion            |       |     3 ||     3
Armor: Leather armour    |    10 |       ||    10
       Plate armour      |    69 |    69 ||   138
Dodge: Dodged            |    42 |    40 ||    82
